 Dungeon Crawl Stone Soup version 0.17-a0-1719-g1afd5a1 (webtiles) character file.

8962 Geomchi the Martial Artist (level 11, -9/83 HPs)
             Began as a Vampire Monk on Aug 27, 2015.
             Was an Elder of Makhleb.
             Mangled by a large abomination (17 damage)
             ... on level 1 of the Abyss on Aug 28, 2015.
             The game lasted 00:31:23 (22061 turns).

Geomchi the Martial Artist (Vampire Monk)          Turns: 22061, Time: 00:31:23

Health: -9/83      AC: 15    Str: 12    XL:     11   Next: 16%
Magic:  16/16      EV:  6    Int: 13    God:    Makhleb [****..]
Gold:   644        SH:  5    Dex: 18    Spells: 0 memorised, 10 levels left

rFire  . . .     SeeInvis +       - Unarmed
rCold  . . .     Clarity  .     s - +0 plate armour
rNeg   + + .     SustAt   .     o - +0 buckler (curse)
rPois  .         Gourm    .     (no helmet)
rElec  .         Spirit   .     (no cloak)
rCorr  .         Warding  .     t - +0 pair of gloves
rMut   .         Stasis   .     n - +0 pair of boots
MR     +....                    l - amulet of rage
Stlth  ..........               (no ring)
                                f - ring of positive energy

@: lethally poisoned (-9 -> -14), somewhat resistant to hostile enchantments,
extremely unstealthy
A: fangs 3, see invisible, unbreathing
a: Bat Form, Minor Destruction, Lesser Servant of Makhleb, Major Destruction,
Renounce Religion, Evoke Berserk Rage


You were on level 1 of the Abyss.
You worshipped Makhleb.
Makhleb was greatly pleased with you.
You were not thirsty.

You visited 2 branches of the dungeon, and saw 11 of its levels.
You visited the Abyss 1 time.

You collected 644 gold pieces.

Inventory:

Hand weapons
 a - a +0 whip
Armour
 n - a +0 pair of boots (worn)
 o - a cursed +0 buckler (worn)
 s - a +0 plate armour (worn)
 t - a +0 pair of gloves (worn)
Jewellery
 f - a ring of positive energy (left hand)
 l - an amulet of rage (around neck)
Magical devices
 b - a wand of teleportation (3)
 y - a wand of lightning (8)
Scrolls
 c - 3 scrolls of magic mapping
 d - 3 scrolls of enchant armour
 e - a scroll of enchant weapon {unknown}
 g - 7 scrolls of remove curse
 h - 4 scrolls of blinking
 j - 4 scrolls of immolation
 k - 2 scrolls of fear
 m - 3 scrolls of amnesia
 p - 2 scrolls of teleportation
 q - 2 scrolls of recharging
 r - a scroll of fog
 w - a scroll of torment {unknown}
Potions
 i - a potion of haste


   Skills:
 + Level 6.4 Fighting
 - Level 6.0 Armour
 - Level 7.0 Dodging
 - Level 3.0 Stealth
 - Level 4.0 Shields
 * Level 11.5 Unarmed Combat
 - Level 7.0 Invocations


You had 10 spell levels left.
You didn't know any spells.

Dungeon Overview and Level Annotations

Branches:
Dungeon (10/15)            Temple (1/1) D:4            Lair (0/8) D:10
    Orc: D:9-12

Altars:
Ashenzari
Cheibriados
Dithmenos
Elyvilon
Fedhas
Gozag
Kikubaaqudgha
Makhleb
Nemelex Xobeh
Okawaru
Qazlal
Ru
Sif Muna
Trog
Vehumet
Xom
Yredelemnul
Zin
The Shining One

Shops:
D:5 !

Annotations:
D:10 Psyche, Urug


Innate Abilities, Weirdness & Mutations

You have razor-sharp teeth.
You have supernaturally acute eyesight.
You can survive without breathing.


Message History

* * * LOW HITPOINT WARNING * * *
You are too injured to fight recklessly!
You take 33 damage, and have 17/83 hp.
MASSIVE DAMAGE!!
You are too injured to fight recklessly!
You are too injured to fight recklessly!
You are too injured to fight recklessly!
Read which item? (? for menu, Esc to quit)
Okay, then.
Read which item? (? for menu, Esc to quit)
Okay, then.
Drink which item? (? for menu, Esc to quit)
Okay, then.
Drink which item? (? for menu, Esc to quit)
It was a potion of poison.
That liquid tasted very nasty...
You are poisoned.
You feel sick. The large abomination hits you!
* * * LOW HITPOINT WARNING * * *
You take 8 damage, and have 9/83 hp.
You punch the large abomination!
You feel sick. The large abomination hits you!
You die...

. # ##.
######....#
. ###
.###.## #
## . ....#
#.####..##
.# #.##.##
.##.. #.#
##.#.#..#.
##..#..###
#..#@.# .#
. #..X### #
# #...# .#
...##. ..
#.### .. ..
.. ... ...
# ...# #...
...≈


You could see a large abomination.

Vanquished Creatures
  A hill giant (D:9)
  A two-headed ogre (D:8)
  A troll (D:9)
  Grinder (D:4)
  Sigmund (D:4)
  4 yaks
  A hungry ghost (D:9)
  A hippogriff (D:7)
  A deep elf mage (D:9)
  2 wyverns (D:9)
  3 wargs (D:9)
  Menkaure (D:4)
  3 orc warriors
  3 water moccasins
  5 ice beasts
  3 phantoms
  3 sky beasts
  8 ogres
  A crocodile (D:9)
  3 centaurs (D:5)
  A wyvern zombie (D:9)
  3 giant frogs (D:9)
  2 scorpions
  2 wyvern skeletons
  2 killer bees (D:9)
  19 wights
  2 giant frog zombies
  8 crimson imps
  A centaur zombie (D:4)
  8 orc priests
  5 hounds
  4 jellies
  4 giant frog skeletons
  7 orc wizards
  An iguana (D:5)
  9 worker ants
  3 hound skeletons
  3 worker ant zombies
  3 gnolls (D:9)
  14 adders
  2 shadow imps
  2 oozes (D:1)
  2 adder skeletons
  8 worms
  12 giant geckos
  38 orcs
  2 ball pythons
  8 goblins
  10 hobgoblins
  9 kobolds
  2 quokkas (D:4)
  9 bats
  4 giant cockroaches
  A giant cockroach zombie (D:5)
  A giant gecko zombie (D:6)
  8 giant newts
  9 jackals
  2 jackal skeletons (D:5)
  10 rats
287 creatures vanquished.

Vanquished Creatures (collateral kills)
  A troll (D:9)
  A yak (D:9)
  A wraith (D:9)
  2 orc warriors
  A sky beast (D:9)
  An orc priest (D:7)
  2 orcs
9 creatures vanquished.

Vanquished Creatures (others)
  A centaur (D:6)
  2 plants (D:10)
3 creatures vanquished.

Grand Total: 299 creatures vanquished

Notes
Turn   | Place    | Note
--------------------------------------------------------------
     0 | D:1      | Geomchi the Vampire Monk began the quest for the Orb.
     0 | D:1      | Reached XP level 1. HP: 17/17 MP: 1/1
    64 | D:1      | Reached XP level 2. HP: 10/23 MP: 2/2
   397 | D:1      | Reached skill level 5 in Unarmed Combat
   888 | D:1      | Reached XP level 3. HP: 28/28 MP: 3/3
  1178 | D:2      | Found an ancient bone altar of Kikubaaqudgha.
  1626 | D:2      | Found a shadowy altar of Dithmenos.
  1675 | D:2      | Reached skill level 6 in Unarmed Combat
  2646 | D:2      | Reached XP level 4. HP: 24/34 MP: 4/4
  2977 | D:2      | Reached skill level 1 in Armour
  4311 | D:3      | Found a white marble altar of Elyvilon.
  4474 | D:3      | Reached XP level 5. HP: 24/39 MP: 5/5
  5447 | D:4      | Noticed an ogre
  5947 | D:3      | Reached skill level 5 in Dodging
  5947 | D:3      | Reached XP level 6. HP: 16/46 MP: 6/6
  6618 | D:4      | Noticed Grinder
  6622 | D:4      | Paralysed by Grinder for 4 turns
  6630 | D:4      | Killed Grinder
  6630 | D:4      | Reached XP level 7. HP: 44/51 MP: 7/7
  7191 | D:4      | Noticed Menkaure
  7197 | D:4      | Killed Menkaure
  7296 | D:4      | Killed an ogre
  7296 | D:4      | Reached skill level 7 in Unarmed Combat
  7660 | D:4      | Noticed Sigmund
  7678 | D:4      | Killed Sigmund
  7678 | D:4      | Reached XP level 8. HP: 60/60 MP: 8/8
  7729 | D:4      | Found a staircase to the Ecumenical Temple.
  7922 | Temple   | Entered the Ecumenical Temple
  8010 | Temple   | Became a worshipper of Makhleb the Destroyer
  8010 | Temple   | Acquired Makhleb's first power
  8010 | Temple   | Acquired Makhleb's second power
  8066 | D:5      | Entered Level 5 of the Dungeon
  8155 | D:5      | Reached skill level 8 in Unarmed Combat
  8209 | D:5      | Found a shattered altar of Ashenzari.
  8694 | D:5      | Reached skill level 9 in Unarmed Combat
  8948 | D:5      | Reached skill level 5 in Fighting
  9309 | D:5      | Found Naruaneso's Distillery.
  9446 | D:6      | Acquired Makhleb's third power
  9779 | D:6      | Reached XP level 9. HP: 66/68 MP: 9/9
  9879 | D:6      | Reached skill level 10 in Unarmed Combat
 10217 | D:6      | Reached skill level 1 in Invocations
 10712 | D:6      | Found a sparkling altar of Nemelex Xobeh.
 11427 | D:6      | Found a stormy altar of Qazlal.
 11719 | D:7      | Found a bloodstained altar of Trog.
 12563 | D:7      | Found a snail-covered altar of Cheibriados.
 12584 | D:7      | Found a shattered altar of Ashenzari.
 12618 | D:7      | Acquired Makhleb's fourth power
 12980 | D:7      | Found a basalt altar of Yredelemnul.
 13305 | D:7      | Reached skill level 5 in Armour
 13410 | D:7      | Reached skill level 5 in Invocations
 14717 | D:8      | Reached XP level 10. HP: 60/74 MP: 14/14
 16629 | D:9      | Reached skill level 1 in Shields
 16812 | D:9      | Found a sacrificial altar of Ru.
 18331 | D:9      | Found a radiant altar of Vehumet.
 19429 | D:9      | Noticed a hill giant
 19451 | D:9      | Killed a hill giant
 19718 | D:9      | Reached skill level 11 in Unarmed Combat
 19781 | D:9      | Reached XP level 11. HP: 50/81 MP: 16/16
 21267 | D:10     | Entered Level 10 of the Dungeon
 21457 | D:10     | Found a staircase to the Lair.
 21947 | D:10     | Noticed Urug
 21951 | D:10     | Noticed Psyche
 21963 | D:10     | Cast into the Abyss (Psyche)
 22061 | Abyss:1  | Mangled by a large abomination

Vault maps used:
D:1:      matt_arrival_refuge
D:2:      kiku_gazebo_pond_becter, old_standard_altar, st_stairs_7
D:3:      nicolae_overflow_crystal_walls
D:4:      minmay_temple_entry_fiery, first_bread, uniq_grinder, uniq_menkaure,
          uniq_sigmund
D:5:      serial_shops, shop, evilmike_ruin_ashenzari
D:6:      nemelex_xobeh_ov_fountains_minmay, nicolae_qazlal_eye_of_the_storm,
          serial_park_tiny_2
D:7:      kennysheep_mini_moat, kennysheep_mini, grunt_temple_overflow_open,
          grunt_ogre_cave
D:8:      minmay_misc_feat_encased, st_stairs_12, minivault_24
D:9:      minmay_quarter_circles, nicolae_overflow_hidden_temple,
          overflow_temple_1_default
D:10:     erik_lair_orcish_takeover, hangedman_decor_clover_reticule,
          hangedman_abyss_or_decor_lesser_grid, nicolae_straight_to_the_point,
          uniq_urug, uniq_psyche
Temple:   zaba_magenta_temple_8

Action                   |  1- 3 |  4- 6 |  7- 9 | 10-12 || total
-------------------------+-------+-------+-------+-------++-------
Melee: Unarmed           |   145 |   277 |   571 |   561 ||  1554
Invok: Lesser Servant of |       |       |     2 |    13 ||    15
       Major Destruction |       |       |     2 |       ||     2
 Abil: Evoke Berserk Rag |       |     1 |     2 |     2 ||     5
       End Transformatio |       |       |     1 |     1 ||     2
       Bat Form          |       |       |     1 |     1 ||     2
  Use: Potion            |     1 |    10 |     5 |    17 ||    33
       Scroll            |       |     6 |    10 |     1 ||    17
 Stab: Sleeping          |    10 |     6 |     1 |       ||    17
       Distracted        |       |     2 |       |     2 ||     4
  Eat: Corpse            |       |     3 |     8 |     4 ||    15
